 Dungeon Crawl Stone Soup version 0.24-a0-378-g94936e539c (webtiles) character file.

Game seed: 3421618911617419144

474 Omegus91 the Digger (level 7, -14/41 HPs)
             Began as a Gargoyle Earth Elementalist on June 1, 2019.
             Was an Initiate of Vehumet.
             Demolished by an ogre
             ... wielding a +0 giant spiked club
              (18 damage)
             ... on level 5 of the Dungeon.
             The game lasted 00:28:59 (4247 turns).

Omegus91 the Digger (Gargoyle Earth Elementalist)   Turns: 4247, Time: 00:29:00

Health: -14/41     AC: 13    Str: 12    XL:     7   Next: 10%
Magic:  6/13       EV: 12    Int: 17    God:    Vehumet [......]
Gold:   170        SH:  0    Dex: 10    Spells: 10/14 levels left

rFire    + . .     SeeInvis .   u - +1 dagger
rCold    . . .     Gourm    .   (no shield)
rNeg     + . .     Faith    .   i - +1 robe
rPois    ∞         Spirit   .   l - +2 helmet
rElec    +         Reflect  .   w - +2 cloak
rCorr    .         Harm     .   (no gloves)
MR       .....                  (no boots)
Stlth    +++.......             (no amulet)
HPRegen  0.13/turn              e - ring of protection from fire
MPRegen  0.13/turn              v - ring of stealth

@: no status effects
A: negative energy resistance 1, electricity resistance, unbreathing,
petrification resistance, rot immunity, AC +4
a: Renounce Religion


You were on level 5 of the Dungeon.
You worshipped Vehumet.
Vehumet was noncommittal.
You were very hungry.

You visited 2 branches of the dungeon, and saw 7 of its levels.

You collected 170 gold pieces.

Inventory:

Hand Weapons
 u - a +1 dagger (weapon)
Missiles
 f - 11 stones (quivered)
Armour
 i - a +1 robe (worn)
 l - a +2 helmet (worn)
 w - a +2 cloak (worn)
Jewellery
 e - a ring of protection from fire (left hand)
 j - an uncursed ring of protection from fire
 v - a ring of stealth (right hand)
Scrolls
 b - a scroll of blinking {unknown}
 h - 4 scrolls of identify
 o - 2 scrolls of immolation
 s - 2 scrolls of fog
 t - a scroll of amnesia
 y - a scroll of teleportation
 A - a scroll of silence {unknown}
Potions
 a - 4 potions of curing
 c - a potion of agility {unknown}
 g - a potion of flight {unknown}
 k - 2 potions of lignification {unknown}
 m - a potion of berserk rage {unknown}
 n - 2 potions of might {unknown}
 p - a potion of brilliance {unknown}
 q - 2 potions of mutation {unknown}
 r - a potion of haste {unknown}
 x - a potion of invisibility {unknown}
Comestibles
 d - 8 rations


   Skills:
 + Level 3.6 Fighting
 - Level 1.5 Dodging
 - Level 2.1 Stealth
 + Level 4.2 Spellcasting
 + Level 3.6 Conjurations
   Level 0.7 Transmutations
 - Level 5.0 Earth Magic


You had 10 spell levels left.
You knew the following spells:

 Your Spells              Type           Power        Failure   Level  Hunger
a - Sandblast             Erth           ###...       1%          1    None
b - Stone Arrow           Conj/Erth      ###...       8%          3    ###....

Your spell library contained the following spells:

 Spells                   Type           Power        Failure   Level  Hunger
 Passwall                 Tmut/Erth      ##......     7%          2    ##.....
 Petrify                  Tmut/Erth      ##......     43%         4    ####...
 Lee's Rapid Deconstruct  Erth           ###.......   47%         5    ######.


Dungeon Overview and Level Annotations

Branches:
Dungeon (6/15)             Temple (1/1) D:4

Altars:
Ashenzari
Cheibriados
Dithmenos
Elyvilon
Fedhas
Gozag
Hepliaklqana
Kikubaaqudgha
Makhleb
Nemelex Xobeh
Okawaru
Qazlal
Ru
Sif Muna
Trog
Uskayaw
Vehumet
Wu Jian
Xom
Yredelemnul
Zin
The Shining One

Annotations:
D:6 Edmund


Innate Abilities, Weirdness & Mutations

You are resistant to torment.
Your stone body is resilient. (AC +4)
You are immune to poison.
You resist negative energy. (rN+)
You are resistant to electric shocks. (rElec)
You can survive without breathing.
You are immune to petrification.
You are immune to rotting.


Message History

* * * LOW HITPOINT WARNING * * *
The hound bites you.
* * * LOW HITPOINT WARNING * * *
The hound closely misses you. The hound misses you.
The hound barely misses you. The hound bites you but does no damage.
You hear the slow hiss of a very distant avalanche of sand.
You open the door. The hound bites you.
* * * LOW HITPOINT WARNING * * *
The hound stops to sniff the ground.
The hound bites you but does no damage.
There is an open door here.
The hound barely misses you. The hound barely misses you.
You see here a ration.
d - 8 rations (gained 1)
The hound bites you but does no damage. x2
The ogre hits you with a +0 giant spiked club!!
You die...

#...# #.# #n### ##'##
#.# ##...## #.###
##.....## #.#.##
##.......##
#####....####.........#
............'.........+
#####....####..O......#
#.#.## ##nh@....##
#.### ##.).?.## #.#
##...## ... ##'## ..
#.# ####.#### #....>..#
#.#O..#.# ....!.. #


You could see an ogre, a necrophage and a hound.

Vanquished Creatures
  2 ogres
  A scorpion (D:4)
  A hound (D:4)
  A bullfrog skeleton (D:4)
  A worker ant (D:4)
  An iguana (D:3)
  7 adders
  A worm (D:2)
  A dart slug (D:2)
  3 leopard geckos (D:1)
  6 orcs
  3 ball pythons (D:3)
  A giant cockroach (D:1)
  4 goblins
  8 hobgoblins
  4 jackals (D:1)
  13 kobolds
  3 quokkas
  4 bats
  4 frilled lizards
  11 rats
80 creatures vanquished.

Notes
Turn   | Place    | Note
-------+----------+-------------------------------------------
     0 | D:1      | Omegus91 the Gargoyle Earth Elementalist began the quest
                  | for the Orb.
     0 | D:1      | Reached XP level 1. HP: 10/10 MP: 3/3
    50 | D:1      | You fall into a shaft and drop 1 floor!
   306 | D:1      | Reached XP level 2. HP: 15/15 MP: 1/5
   313 | D:1      | Reached skill level 4 in Earth Magic
   908 | D:1      | Reached XP level 3. HP: 19/19 MP: 3/6
  1192 | D:1      | Learned a level 3 spell: Stone Arrow
  1700 | D:2      | Found a blossoming altar of Fedhas.
  1749 | D:2      | Reached XP level 4. HP: 24/24 MP: 4/8
  1848 | D:2      | Reached skill level 1 in Fighting
  2062 | D:3      | Reached skill level 1 in Conjurations
  2564 | D:3      | Reached skill level 5 in Earth Magic
  2564 | D:3      | Reached XP level 5. HP: 7/30 MP: 0/9
  3704 | D:4      | Found a staircase to the Ecumenical Temple.
  3716 | D:4      | Reached XP level 6. HP: 36/36 MP: 0/11
  3719 | Temple   | Entered the Ecumenical Temple
  3728 | Temple   | Became a worshipper of Vehumet
  3913 | D:4      | You fall into a shaft and drop 2 floors!
  4024 | D:6      | Noticed Edmund
  4106 | D:5      | Entered Level 5 of the Dungeon
  4199 | D:5      | Reached XP level 7. HP: 41/41 MP: 0/13
  4247 | D:5      | Demolished by an ogre

Levels and vault maps discovered:
D:1:      shiori_arrival_oz, layout_basic
D:2:      minmay_alternating_diamond, layout_rooms, old_standard_altar
D:3:      layout_loops_corners, minmay_shallow_snake_nest
D:4:      layout_basic, minmay_temple_entry_junction
D:5:      layout_loops_corners, enter_ossuary_2, first_ration,
          minmay_misc_feat_nine_boxes, serial_bayou_lagoon_a
D:6:      layout_basic, uniq_edmund
Temple:   compressed_dpeg_circular_temple

Skill      XL: |  1  2  3  4  5  6 |
---------------+-------------------+-----
Earth Magic    | 4 5 |  5.0
Fighting       | 1 2 3 |  3.6
Conjurations   | 1 2 3 |  3.6
Spellcasting   | 3 4 |  4.2
Dodging        | |  1.5
Stealth        | |  2.1
Transmutations | |  0.7

Action                   |  1- 3 |  4- 6 |  7- 9 || total
-------------------------+-------+-------+-------++-------
Melee: Dagger            |    13 |   127 |     5 ||   145
 Cast: Sandblast         |    58 |    25 |       ||    83
       Stone Arrow       |     4 |    14 |     1 ||    19
  Use: Scroll            |       |     9 |       ||     9
 Stab: Sleeping          |       |     2 |       ||     2
  Eat: Chunk             |     3 |     5 |       ||     8
       Ration            |       |     1 |       ||     1
Armor: Robe              |     9 |    50 |     5 ||    64
Dodge: Dodged            |    14 |    81 |    10 ||   105

Table legend:
 A = Non-vault XP
 B = Vault XP
 C = Vault XP percentage of total XP
 D = Non-vault monster count
 E = Vault monster count
 F = Vault count percentage of total count
                 A         B        C        D         E       F
            +---------+---------+-------+---------+---------+-------
      Total |     656 |      22 |   3.2 |      74 |       6 |   7.5
            +---------+---------+-------+---------+---------+-------
        D:1 |      45 |       1 |   2.2 |      28 |       1 |   3.4
        D:2 |      38 |       4 |   9.5 |      19 |       2 |   9.5
        D:3 |     110 |      17 |  13.4 |      17 |       3 |  15.0
        D:4 |     202 |       0 |   0.0 |       6 |       0 |   0.0
        D:5 |     129 |       0 |   0.0 |       2 |       0 |   0.0
        D:6 |     132 |       0 |   0.0 |       2 |       0 |   0.0
            +---------+---------+-------+---------+---------+-------
